 Dungeon Crawl Stone Soup version 0.29-a0-243-g602b31c20e (webtiles) character file.

Game seed: 4617735118835024210

7734 spaghetti the Warrior (level 11, -3/108 HPs)
             Began as a Demonspawn Berserker on Mar 4, 2022.
             Was a Priest of Trog.
             Slain by a basilisk (8 damage)
             ... while petrified by a basilisk
             ... on level 10 of the Dungeon.
             The game lasted 00:19:32 (16194 turns).

spaghetti the Warrior (Demonspawn Berserker)       Turns: 16194, Time: 00:19:33

Health: -3/108     AC:  4    Str: 21    XL:     11   Next: 0%
Magic:  11/11      EV:  2    Int:  8    God:    Trog [***...]
Gold:   540        SH:  0    Dex: 14    Spells: 10/10 levels left

rFire   . . .      SeeInvis .   D - +2 whip (elec) {mace}
rCold   + . .      Faith    .   (no shield)
rNeg    + + +      Spirit   .   a - +0 animal skin
rPois   ∞          Reflect  .   (helmet restricted)
rElec   .          Harm     .   (no cloak)
rCorr   .          Rampage  .   v - +0 pair of gloves
Will    .....                   i - +0 pair of boots
Stlth   +.........              (no amulet)
HPRegen 0.28/turn               c - ring of protection from cold
MPRegen 0.12/turn               (no ring)

@: agile, petrified, on berserk cooldown, slowed, studying 2 skills
A: hooves 1, large bone plates 1, demonic guardian 2, powered by pain 3,
antennae 1, wild magic 1, MP-powered wands
a: Renounce Religion, Berserk, Trog's Hand


You were on level 10 of the Dungeon.
You worshipped Trog.
Trog was most pleased with you.
You visited 1 branch of the dungeon, and saw 10 of its levels.

You collected 615 gold pieces.
You spent 75 gold pieces at shops.


Innate Abilities, Weirdness & Mutations

You have large cloven feet.
You are partially covered in large bone plates. (SH +4)
A demonic guardian rushes to your aid.
You are powered by pain.
You have a pair of small antennae on your head.
Your spells are a little harder to cast, but a little more powerful.
You expend magic power (3 MP) to strengthen your wands.


   Skills:
 - Level 17.7 Fighting
 + Level 9.6 Polearms
 - Level 1.7 Armour
 - Level 1.7 Dodging
 - Level 2.6 Unarmed Combat


You had 10 spell levels left.
You didn't know any spells.
Your spell library contained the following spells:

 Spells                   Type           Power      Damage    Failure   Level
 Foxfire                  Conj/Fire      0%         2x1d4     50%         1
 Blink                    Tloc           0%         N/A       63%         2
 Conjure Flame            Conj/Fire      0%         6-21      85%         3
 Inner Flame              Hex/Fire       0%         N/A       85%         3
 Lesser Beckoning         Tloc           0%         N/A       85%         3
 Flame Wave               Conj/Fire      0%         2d4       99%         4
 Manifold Assault         Tloc           0%         N/A       100%        5
 Conjure Ball Lightning   Conj/Air       0%         3x3d6     100%        6
 Discord                  Hex            0%         N/A       100%        8
 Disjunction              Tloc           0%         N/A       100%        8

Inventory:

Hand Weapons
 e - a +1 whip of protection {mace}
   (You took it off a kobold on level 1 of the Dungeon)
 D - a +2 whip of electrocution (weapon) {mace}
   (You took it off Pikel on level 6 of the Dungeon)
 N - the +6 halberd of Conscience {venom, rC+ Dex+8, polearm}
   (You took it off a gnoll on level 4 of the Dungeon)

   It poisons the flesh of those it strikes.
   Dex:       It affects your dexterity (+8).
   rC:        It protects you from cold.
Missiles
 f - 267 stones (quivered) {throwing}
 j - 7 boomerangs {throwing}
 l - a curare-tipped dart {=fthrowing}
 o - 2 datura-tipped darts {throwing}
 r - 10 javelins {throwing}
 u - 33 poisoned darts {throwing}
 F - 5 throwing nets {=f!fthrowing}
Armour
 a - a +0 animal skin (worn)
 i - a +0 pair of boots (worn)
   (You found it on level 1 of the Dungeon)
 v - a +0 pair of gloves (worn)
   (You found it on level 4 of the Dungeon)
 A - the +4 chain mail of Eternal Vigilance {Harm Rampage Str-5 SInv}
   (You found it on level 6 of the Dungeon)

   Str:       It affects your strength (-5).
   SInv:      It lets you see invisible.
   Harm:      It increases damage dealt and taken.
   Rampage:   It bestows one free step when moving towards enemies.
 E - a +0 helmet
   (You found it on level 6 of the Dungeon)
Magical Staves
 w - a staff of death {forbidden!astaff}
   (You found it on level 4 of the Dungeon)
 L - a staff of death {forbidden!astaff}
   (You found it on level 8 of the Dungeon)
Jewellery
 c - a ring of protection from cold (left hand)
   (You found it on level 1 of the Dungeon)
 M - an amulet of reflection
   (You took it off a gnoll on level 4 of the Dungeon)
Wands
 s - a wand of polymorph (7)
   (You took it off Natasha on level 2 of the Dungeon)
 z - a wand of flame (40)
   (You took it off an orc on level 4 of the Dungeon)
 B - a wand of digging (3)
   (You found it on level 6 of the Dungeon)
 C - a wand of paralysis (9)
   (You found it on level 6 of the Dungeon)
 G - a wand of mindburst (30)
   (You took it off a gnoll on level 4 of the Dungeon)
 I - a wand of iceblast (4)
   (You found it on level 8 of the Dungeon)
Scrolls
 d - a scroll of immolation {!r!r}
 g - a scroll of teleportation {@r4}
 h - a scroll of amnesia
 m - 5 scrolls of noise {!r}
 x - 3 scrolls of enchant weapon
 y - 3 scrolls of magic mapping {!r}
 K - 3 scrolls of identify {@r1}
Potions
 b - 3 potions of attraction {!q}
 k - a potion of magic
 n - 7 potions of curing {@q1}
 p - 3 potions of brilliance
 q - a potion of lignification {!q}
 t - a potion of mutation {!q}
 H - a potion of resistance

Dungeon Overview and Level Annotations

Branches:
Dungeon (10/15)            Temple (0/1) D:7
   Lair: D:8-11         Orc: D:9-12

Altars:
Ashenzari
Cheibriados
Dithmenos
Fedhas
Nemelex Xobeh
Ru
Sif Muna
Trog
Vehumet
Xom
Zin

Shops:
D:3 *

Annotations:
D:7 exclusion: statue

#...K#.......#
#....#.......#
#....#.......#
#....#.$.....#
.♣#....#.......#
..P....#.......#
P......<)4.....#
.......#ll.....#
....:..#@).....#
.♣P....#>......#
.......#.......#
................
.lP....######≈##
....... ≈.. ≈≈


You could see a basilisk, a wyvern (ally target) and a friendly rust devil
(summoned).


Message History

Something hits you.
* * * LOW HITPOINT WARNING * * *
The water moccasin closely misses you.
A yak comes into view. 😨 HP[-1]
You take 1 damage, and now have 27/102 hp.
You closely miss the water moccasin. The water moccasin misses you.
Something barely misses you.
Your orange demon closely misses the water moccasin.
The water moccasin closely misses you. 😨 HP[+2]
You regained 2 hp, and now have 29/102 hp.
Okay, then.
You hit something but do no damage. Lightning courses through something!!
Trog accepts your kill.
Trog appreciates your killing of a magic user.
Reactivating autopickup.
You feel a bit more experienced. The water moccasin bites you.
* * * LOW HITPOINT WARNING * * *
Your orange demon barely misses the water moccasin.
The water moccasin completely misses you.
Your orange demon misses the water moccasin. 😨 HP[-2]
You take 2 damage, and now have 27/102 hp.
You hit the water moccasin. You punch the water moccasin.
You feel the effects of Trog's Hand fading.
The water moccasin misses you.
Your orange demon stings the water moccasin from afar!
The water moccasin closely misses you. 😨 HP[+3]
You regained 3 hp, and now have 30/102 hp.
You hit the water moccasin but do no damage.
Lightning courses through the water moccasin!
You kill the water moccasin!
Trog accepts your kill.
Your orange demon stings the kobold!
The kobold dies!
Trog accepts your kill. 😨 HP[+2]
You regained 2 hp, and now have 32/102 hp.
Your orange demon barely misses the yak.
Your orange demon closely misses the yak.
Items here: )) [ †. 😨 HP[+1]
You hit the yak but do no damage.
Your orange demon stings the yak!
The yak looks as sick as possible!
Your orange demon poisons the yak!
Your orange demon barely misses the yak.
The yak completely misses you.
Your orange demon stings the yak but does no damage.
Your orange demon barely misses the yak.
The basilisk bites your orange demon. 😨 HP[+2]
You regained 2 hp, and now have 35/102 hp.
You hit the yak. Lightning courses through the yak!
Your skin stops crawling.
You feel less strong-willed.
Your orange demon disappears in a puff of smoke!
The yak gores you.
* * * LOW HITPOINT WARNING * * *
The yak misses you. 😨 HP[-4]
You take 4 damage, and now have 31/102 hp.
Unknown command.
You whack the yak!
You kill the yak!
Trog accepts your kill. The basilisk misses you. The kobold closely misses you.
You have reached level 11!
Your demonic ancestry asserts itself...
Large bone plates grow over parts of your arms. 😨 HP[+2] MP[+1]
You now have 108 max hp (+6).
You regained 2 hp, and now have 33/108 hp.
Your mp is fully restored (11).
You barely miss the kobold.
A wyvern comes into view.
The basilisk closely misses you. The kobold barely misses you.
The basilisk gazes at you.
You are slowing down.
Your limbs are stiffening. 😨 HP[+1] Unknown command.
Unknown command.
You hit the kobold. Lightning courses through the kobold!
You kill the kobold!
Trog accepts your kill. The basilisk bites you.
* * * LOW HITPOINT WARNING * * *
The basilisk bites you!
* * * LOW HITPOINT WARNING * * *
You have turned to stone.
The wyvern bites you!
* * * LOW HITPOINT WARNING * * *
A demonic guardian appears!
The basilisk bites you!
* * * LOW HITPOINT WARNING * * *
The wyvern bites you.
* * * LOW HITPOINT WARNING * * *
The wyvern bites you!
* * * LOW HITPOINT WARNING * * *
The basilisk bites you!
You die...

Skill      XL: |  1  2  3  4  5  6  7  8  9 10 |
---------------+-------------------------------+-----
Fighting       | 4 5 6 8 9 12 16 17 | 17.7
Polearms       | 9 |  9.6
Armour         | |  1.7
Dodging        | |  1.7
Unarmed Combat | |  2.6

Action                   |  1- 3 |  4- 6 |  7- 9 | 10-12 || total
-------------------------+-------+-------+-------+-------++-------
Melee: Unarmed           |    67 |       |       |       ||    67
       Punch             |     1 |     4 |     9 |     7 ||    21
       Whip              |    27 |   185 |   359 |   230 ||   801
Invok: Berserk           |     3 |     7 |    17 |     9 ||    36
       Trog's Hand       |       |     1 |       |     4 ||     5
Evoke: Wand              |       |       |     1 |       ||     1
  Use: Scroll            |     2 |     7 |     5 |     3 ||    17
       Potion            |       |       |     3 |    14 ||    17
 Stab: Sleeping          |     1 |     1 |     2 |       ||     4
       Paralysed         |       |       |     3 |       ||     3
       Distracted        |       |       |     1 |       ||     1
Armor: Animal skin       |    27 |    71 |   140 |    74 ||   312
       Skin              |       |       |       |     1 ||     1
Dodge: Dodged            |    67 |   129 |   279 |   192 ||   667

Levels and vault maps discovered:
D:1:      mrwooster_arrival_statue_3, layout_loops_ring, basic_ecumenical_altar,
          serial_bayou_lagoon_a
D:2:      layout_basic, uniq_natasha, uniq_jessica
D:3:      layout_loops_ring, lemuel_doored_altar,
          nicolae_overflow_hidden_temple, serial_shops,
          nicolae_shop_temple_entry_statues_fountains
D:4:      layout_basic, gammafunk_ghost_gnarly_gnolls, hangedman_decor_opposing,
          sigmund_army
D:5:      layout_loops_ring, cheibriados_altar_1, nicolae_overflow_squiral,
          uniq_blork_the_orc
D:6:      layout_rooms, serial_co_window_serial, co_window_paths_a,
          co_window_paths_a, co_window_cross_1, co_window_paths_a,
          co_window_paths_b, co_window_paths_a, co_window_paths_a,
          co_window_of_opportunity_a, co_window_corner_a, co_window_2corner,
          co_window_broadway_a, co_window_cross_2, co_window_4corner_a,
          uniq_pikel
D:7:      layout_layer_cave, vehumet_statue, kennysheep_little_box,
          minmay_temple_entry_steel_oval
D:8:      layout_basic, grunt_temple_overflow_open, pf_just_have_faith,
          minmay_manual_monolith
D:9:      layout_loops_ring, uniq_erica
D:10:     layout_grid_maze, nicolae_uskayaw_murder_on_the_dancefloor,
          mainiacjoe_overflow_catwalk, minmay_lair_entry_grove, serial_rivers,
          chequers_serial_rivers_large_a, chequers_serial_rivers_micro_b,
          chequers_serial_rivers_micro_b, chequers_serial_rivers_micro_d,
          chequers_serial_rivers_micro_e, eino_curves_03, uniq_maggie

Notes
Turn   | Place    | Note
-------+----------+-------------------------------------------
     0 | D:1      | spaghetti the Demonspawn Berserker began the quest for the
                  | Orb.
     0 | D:1      | Reached XP level 1. HP: 18/18 MP: 1/1
     0 | D:1      | magus.rc [v1.9.6]
     4 | D:1      | You pick up a book of Flames {forbidden} and begin
                  | reading...
     4 | D:1      | You add the spells Foxfire, Conjure Flame, Inner Flame and
                  | Flame Wave to your library.
    38 | D:1      | You pick up a book of Chaos {forbidden} and begin
                  | reading...
    38 | D:1      | You add the spells Conjure Ball Lightning, Disjunction and
                  | Discord to your library.
   276 | D:1      | Gained mutation: You sometimes gain a little power by
                  | taking damage. [demonic ancestry]
   276 | D:1      | Reached XP level 2. HP: 17/24 MP: 2/2
   903 | D:1      | Reached skill level 4 in Fighting
   954 | D:1      | Found a faded altar of an unknown god.
  1527 | D:2      | Reached XP level 3. HP: 30/30 MP: 3/3
  1553 | D:2      | Noticed Natasha
  1555 | D:2      | Noticed Jessica
  1561 | D:2      | Killed Natasha
  1563 | D:2      | Killed Jessica
  1564 | D:2      | Reached skill level 5 in Fighting
  1564 | D:2      | Gained mutation: You sometimes gain power by taking damage.
                  | [demonic ancestry]
  1564 | D:2      | Reached XP level 4. HP: 35/39 MP: 4/4
  1912 | D:2      | Reached ** piety under Trog
  2064 | D:2      | Noticed Natasha
  2076 | D:2      | Killed Natasha
  2594 | D:2      | Noticed Natasha
  2605 | D:2      | Killed Natasha
  2606 | D:2      | Reached skill level 6 in Fighting
  2606 | D:2      | Gained mutation: You have large cloven feet. [demonic
                  | ancestry]
  2606 | D:2      | Reached XP level 5. HP: 46/46 MP: 5/5
  2786 | D:3      | Found a sacrificial altar of Ru.
  3622 | D:3      | Found Xuiveuq's Assorted Antiques.
  3630 | D:3      | Bought 3 scrolls labelled QOLUMEL ERUAH for 75 gold pieces
  3869 | D:4      | Gained mutation: A weak demonic guardian rushes to your
                  | aid. [demonic ancestry]
  3869 | D:4      | Reached XP level 6. HP: 50/53 MP: 6/6
  3893 | D:4      | HP: 18/79 [ogre/+0 giant spiked club (20)]
  3894 | D:4      | HP: 1/79 [ogre/+0 giant spiked club (17)]
  3898 | D:4      | Reached skill level 7 in Fighting
  4645 | D:4      | Reached skill level 8 in Fighting
  4786 | D:4      | Identified the +6 halberd of Conscience {venom, rC+ Dex+8}
  4811 | D:4      | Reached XP level 7. HP: 62/62 MP: 7/7
  5009 | D:4      | Found a transporter.
  5136 | D:4      | Found a transporter.
  5145 | D:4      | Noticed croobank's ghost (amateur OpFE)
  5194 | D:4      | HP: 15/63 [poisoned by a water moccasin]
  5570 | D:4      | Reached skill level 9 in Fighting
  5822 | D:5      | Entered Level 5 of the Dungeon
  5851 | D:4      | HP: 15/65 [poisoned by a scorpion]
  6413 | D:5      | Gained mutation: A demonic guardian rushes to your aid.
                  | [demonic ancestry]
  6413 | D:5      | Reached XP level 8. HP: 72/72 MP: 8/8
  6436 | D:4      | Reached skill level 10 in Fighting
  6436 | D:4      | HP: 17/72 [gnoll/+0 whip (5)]
  7213 | D:6      | Identified the +4 chain mail of Eternal Vigilance {Harm
                  | Rampage Str-5 SInv}
  7516 | D:6      | Reached skill level 11 in Fighting
  7713 | D:6      | Noticed Pikel
  7728 | D:6      | Killed Pikel
  7729 | D:6      | Reached skill level 12 in Fighting
  8025 | D:6      | Identified a scroll of acquirement
  8025 | D:6      | Acquired a manual of Fighting
  8034 | D:6      | You pick up a book of Spatial Translocations {forbidden}
                  | and begin reading...
  8034 | D:6      | You add the spells Blink, Lesser Beckoning and Manifold
                  | Assault to your library.
  8261 | D:7      | Gained mutation: You are powered by pain. [demonic
                  | ancestry]
  8261 | D:7      | Reached XP level 9. HP: 75/82 MP: 9/9
  8518 | D:5      | Reached skill level 13 in Fighting
  9170 | D:5      | Found a snail-covered altar of Cheibriados.
  9191 | D:5      | Noticed Blork the orc
  9197 | D:5      | Killed Blork the orc
  9459 | D:5      | You fall into a shaft and drop 3 floors!
  9504 | D:8      | HP: 28/129 [orc warrior/+0 halberd (17)]
  9506 | D:8      | Reached skill level 14 in Fighting
  9510 | D:8      | HP: 18/130 [orc wizard/+0 dagger (1)]
  9852 | D:8      | Found a shimmering blue altar of Sif Muna.
  9856 | D:8      | Found a blossoming altar of Fedhas.
  9867 | D:8      | Found a shadowy altar of Dithmenos.
  9896 | D:8      | Noticed a centaur warrior
  9909 | D:8      | HP: 27/130 [centaur warrior (11)]
  9911 | D:8      | Killed a centaur warrior
  9912 | D:8      | Reached skill level 15 in Fighting
 10126 | D:8      | Reached skill level 16 in Fighting
 10639 | D:8      | Reached XP level 10. HP: 85/99 MP: 10/10
 11343 | D:7      | Gained mutation: Your mind is acute. (Int +2) [potion of
                  | mutation]
 11343 | D:7      | Gained mutation: Your spells are a little easier to cast,
                  | but a little less powerful. [potion of mutation]
 11632 | D:7      | Reached skill level 17 in Fighting
 12355 | D:7      | Found a staircase to the Ecumenical Temple.
 12516 | D:7      | Found a radiant altar of Vehumet.
 12790 | D:7      | Found a broken altar of Ashenzari.
 12791 | D:7      | Lost mutation: Your mind is acute. (Int +2) [potion of
                  | mutation]
 12791 | D:7      | Lost mutation: Your spells are a little easier to cast, but
                  | a little less powerful. [potion of mutation]
 12791 | D:7      | Gained mutation: Your spells are a little harder to cast,
                  | but a little more powerful. [potion of mutation]
 12791 | D:7      | Gained mutation: You expend magic power (3 MP) to
                  | strengthen your wands. [potion of mutation]
 12791 | D:7      | Gained mutation: You have a pair of small antennae on your
                  | head. [potion of mutation]
 13624 | D:5      | Found a shimmering altar of Xom.
 13627 | D:5      | Found a sparkling altar of Nemelex Xobeh.
 14154 | D:3      | Found a bloodstained altar of Trog.
 14219 | D:4      | HP: 17/101 [gnoll shaman/+0 whip (10)]
 14228 | D:4      | Killed croobank's ghost
 14444 | D:4      | magus.rc [v1.9.6]
 14852 | D:9      | Reached skill level 1 in Polearms
 14985 | D:9      | Reached skill level 2 in Polearms
 14995 | D:9      | Reached skill level 3 in Polearms
 15003 | D:9      | HP: 38/153 [centaur (2)]
 15009 | D:9      | HP: 29/153 [howler monkey (5)]
 15012 | D:9      | Reached skill level 4 in Polearms
 15488 | D:9      | Noticed a two-headed ogre
 15493 | D:9      | HP: 23/102 [two-headed ogre/+0 giant club (24)]
 15496 | D:9      | Killed a two-headed ogre
 15497 | D:9      | Reached skill level 6 in Polearms
 15497 | D:9      | Noticed Erica
 15499 | D:9      | HP: 26/153 [Erica/bolt of poison (6)]
 15504 | D:9      | Killed Erica
 15505 | D:9      | Reached skill level 8 in Polearms
 16153 | D:10     | Entered Level 10 of the Dungeon
 16176 | D:10     | Reached skill level 9 in Polearms
 16191 | D:10     | Gained mutation: You are partially covered in large bone
                  | plates. (SH +4) [demonic ancestry]
 16191 | D:10     | Reached XP level 11. HP: 33/108 MP: 11/11
 16192 | D:10     | Reached *** piety under Trog
 16192 | D:10     | HP: 25/108 [basilisk (6)]
 16193 | D:10     | HP: 12/108 [wyvern (3)]
 16194 | D:10     | HP: 5/108 [wyvern (7)]
 16194 | D:10     | Slain by a basilisk

Vanquished Creatures
  A two-headed ogre (D:9)
  A centaur warrior (D:8)
  Pikel (D:6)
  A yak (D:10)
  A shadow (D:9)
  3 water moccasins
  2 orc warriors (D:8)
  2 ice beasts (D:7)
  3 sky beasts
  A black bear (D:6)
  3 centaurs
  An ogre (D:7)
  A phantom (D:4)
  Blork the orc (D:5)
  2 kobold brigands
  4 bullfrogs
  A necrophage (D:7)
  7 scorpions
  4 gnoll sergeants
  7 killer bees
  4 howler monkeys
  3 hounds
  3 jellies (D:6)
  3 orc priests
  Jessica (D:2)
  2 iguanas
  13 orc wizards
  Natasha (thrice) (D:2)
  23 gnolls
  4 adders
  A shadow imp (D:6)
  3 ufetubi
  A worm (D:3)
  A dart slug (D:4)
  25 orcs
  4 endoplasms
  A giant cockroach (D:3)
  6 goblins
  10 hobgoblins
  2 jackals (D:2)
  3 quokkas
  9 ball pythons
  8 bats
  A frilled lizard (D:1)
  19 kobolds
  5 rats
205 creatures vanquished.

Vanquished Creatures (collateral kills)
  Erica (D:9)
  The ghost of croobank the Sneak, an amateur OpFE (D:4)
  2 yaks (D:10)
  A basilisk (D:8)
  An ogre (D:4)
  A centaur (D:9)
  3 kobold brigands
  A gnoll shaman (D:4)
  3 gnolls (D:4)
  An orc (D:8)
  7 kobolds
22 creatures vanquished.

Vanquished Creatures (others)
  2 fungi (D:10)
  16 plants
18 creatures vanquished.

Grand Total: 245 creatures vanquished

Table legend:
 A = Non-vault XP
 B = Vault XP
 C = Vault XP percentage of total XP
 D = Non-vault monster count
 E = Vault monster count
 F = Vault count percentage of total count
                 A         B        C        D         E       F
            +---------+---------+-------+---------+---------+-------
      Total |    7034 |    4015 |  36.3 |     203 |      24 |  10.6
            +---------+---------+-------+---------+---------+-------
        D:1 |      33 |       0 |   0.0 |      20 |       0 |   0.0
        D:2 |     127 |      72 |  36.2 |      22 |       2 |   8.3
        D:3 |     100 |       0 |   0.0 |       9 |       0 |   0.0
        D:4 |     904 |     380 |  29.6 |      29 |      11 |  27.5
        D:5 |    1160 |      99 |   7.9 |      28 |       1 |   3.4
        D:6 |     466 |     629 |  57.4 |      17 |       1 |   5.6
        D:7 |    1302 |       0 |   0.0 |      29 |       0 |   0.0
        D:8 |     766 |    1239 |  61.8 |      14 |       4 |  22.2
        D:9 |    1997 |     828 |  29.3 |      27 |       1 |   3.6
       D:10 |     179 |     768 |  81.1 |       8 |       4 |  33.3
            +---------+---------+-------+---------+---------+-------

Illustrated notes

Table legend:
 A = Kills in this place as a percentage of kills in entire the game.
 B = Kills by you in this place as a percentage of kills by you in the entire game.
 C = Kills by friends in this place as a percentage of kills by friends in the entire game.
 D = Other kills in this place as a percentage of other kills in the entire game.
 E = Experience gained in this place as a percentage of experience gained in the entire game.
 F = Experience gained in this place divided by the number of levels of this place that you have seen.
                   A       B       C       D       E      F
               +-------+-------+-------+-------+-------+----------------------
         Total | 100.0 | 100.0 | 100.0 |   N/A | 100.0 | 1104.9
       Dungeon | 100.0 | 100.0 | 100.0 |   N/A | 100.0 | 1104.9
               +-------+-------+-------+-------+-------+----------------------

Table legend: (Time is in decaauts)
 A = Elapsed time spent in this place.
 B = Non-inter-level travel time spent in this place.
 C = Inter-level travel time spent in this place.
 D = Time resting spent in this place.
 E = Time spent auto-exploring this place.
 F = Levels seen in this place.
 G = Mean time per level.
                   A        B        C        D        E       F      G
               +--------+--------+--------+--------+--------+-----+--------+
         Total |  16597 |  15730 |    867 |   6467 |   7533 |  10 | 1659.7 |
       Dungeon |  16597 |  15730 |    867 |   6467 |   7533 |  10 | 1659.7 |
               +--------+--------+--------+--------+--------+-----+--------+

Top non-repeatable levels by time:
     D:4: 3884 daAuts
     D:8: 2036 daAuts
     D:7: 1897 daAuts
     D:6: 1787 daAuts
     D:2: 1594 daAuts
     D:5: 1549 daAuts
     D:9: 1448 daAuts
     D:1: 1205 daAuts
     D:3: 1144 daAuts
    D:10: 48 daAuts
